 Dungeon Crawl Stone Soup version 0.30-a0-715-gdb4ae3ece1 (webtiles) character file.

Game seed: 8298279485621332083

85 Darius099 the Ruffian (level 4, -3/44 HPs)
             Began as a Troll Monk on Jan 24, 2023.
             Slain by Sigmund
             ... wielding a +0 scythe
              (8 damage)
             ... on level 2 of the Dungeon.
             The game lasted 00:01:17 (1234 turns).

Darius099 the Ruffian (Troll Monk)                  Turns: 1234, Time: 00:01:18

Health: -3/44      AC:  4    Str: 19    XL:     4   Next: 25%
Magic:  3/3        EV: 11    Int:  6    God:
Gold:   74         SH:  0    Dex: 14    Spells: 3/3 levels left

rFire   . . .      SeeInvis .      - Unarmed
rCold   . . .      Faith    .    (no shield)
rNeg    . . .      Spirit   .    a - +0 robe
rPois   .          Reflect  .    (helmet restricted)
rElec   .          Harm     .    (no cloak)
rCorr   .          Rampage  .    (gloves unavailable)
Will    .....                    (boots unavailable)
Stlth   ++                       (no amulet)
HPRegen 1.07/turn                (no ring)
MPRegen 0.08/turn                (no ring)

@: flying
A: large, unfitting armour, claws 3, regeneration 1, shaggy fur 1, tough skin 1
a: no special abilities


You were on level 2 of the Dungeon.
You visited 1 branch of the dungeon, and saw 2 of its levels.

You collected 74 gold pieces.

Inventory:

Armour
 a - a +0 robe (worn)
Scrolls
 e - a scroll of fear {unknown}
 f - a scroll of identify {unknown}
 i - a scroll of teleportation {unknown}
 j - a scroll of amnesia {unknown}
 k - a scroll of noise {unknown}
 l - a scroll of acquirement {unknown}
Potions
 d - a potion of heal wounds {unknown}
 g - a potion of invisibility {unknown}
 h - a potion of might {unknown}


   Skills:
 - Level 2.5 Fighting
 + Level 3.3 Dodging
 - Level 1.2 Stealth
 + Level 4.0 Unarmed Combat


You had 3 spell levels left.
You didn't know any spells.
Your spell library was empty.

Dungeon Overview and Level Annotations

Branches:
Dungeon (2/15)

Altars:

Annotations:
D:2 Sigmund


Innate Abilities, Weirdness & Mutations

You are too large for most types of armour.
You have claws for hands.
Your natural rate of healing is unusually fast.
You are covered in fur. (AC +1)
You have tough skin. (AC +1)


Message History

You scratch the gnoll.
The gnoll is almost dead.
The gnoll hits you with a +0 whip.
You claw the gnoll!
You kill the gnoll!
You scratch the gnoll.
The gnoll is almost dead.
The gnoll hits you with a +0 flail!
You scratch the gnoll.
You kill the gnoll!
The gnoll hits you from afar with a +0 spear.
You have reached level 4!
Something hits you. The gnoll hits you with a +0 spear.
Things that are here:
a +0 flail; a +0 whip; a gnoll corpse You barely miss the gnoll.
The gnoll hits you but does no damage.
You closely miss the gnoll. Something hits you!
The gnoll hits you with a +0 spear.
You scratch the gnoll.
The gnoll is heavily wounded.
Something hits you.
* * * LOW HITPOINT WARNING * * *
The gnoll hits you with a +0 spear.
* * * LOW HITPOINT WARNING * * *
You claw the gnoll!
You kill the gnoll!
The hobgoblin throws a stone.
The stone hits you.
* * * LOW HITPOINT WARNING * * *
Your Unarmed Combat skill increases to level 4!
Something hits you.
* * * LOW HITPOINT WARNING * * *
Things that are here:
a +0 spear; a scroll labelled HIANKEYHOIB; a gnoll corpse It was a potion of flight.
You feel very buoyant.
You fly up into the air.
Something hits you.
* * * LOW HITPOINT WARNING * * *
You claw something! You miss something. Something hits you!
You die...

...##. #### ... # ..# ##
#.# ## .## #.# .. ..##
####.# .# ...## ##.##.# .#
.##
....####...#.######.#....#
....'..........)@.g)......
....####>..#.########....#
...## ##.##.# .## ..##
####.# .## #.# ## #.# #.#
#.#


You could see a hobgoblin.

Vanquished Creatures
  4 gnolls (D:2)
  An adder (D:2)
  A dart slug (D:1)
  4 endoplasms (D:1)
  A giant cockroach (D:1)
  5 hobgoblins
  2 quokkas
  2 ball pythons
  6 bats
  3 frilled lizards
  2 goblins (D:1)
  2 kobolds (D:2)
  3 rats (D:1)
36 creatures vanquished.

Notes
Turn   | Place    | Note
-------+----------+-------------------------------------------
     0 | D:1      | Darius099 the Troll Monk began the quest for the Orb.
     0 | D:1      | Reached XP level 1. HP: 22/22 MP: 0/0
   233 | D:1      | Reached XP level 2. HP: 29/29 MP: 1/1
   977 | D:2      | Reached XP level 3. HP: 36/36 MP: 2/2
  1209 | D:2      | Noticed Sigmund
  1226 | D:2      | Reached XP level 4. HP: 30/44 MP: 3/3
  1231 | D:2      | Reached skill level 4 in Unarmed Combat
  1234 | D:2      | Slain by Sigmund

Illustrated notes

Levels and vault maps discovered:
D:1:      minmay_arrival_loop, layout_basic, nicolae_figureground_sparkle
D:2:      layout_loops_corners, uniq_sigmund, uniq_natasha

Skill      XL: |  1  2  3  4 |
---------------+-------------+-----
Dodging        | 3 |  3.3
Unarmed Combat | 4 |  4.0
Fighting       | |  2.5
Stealth        | |  1.2

Action                     |  1- 3 |  4- 6 || total
---------------------------+-------+-------++-------
  Melee: Unarmed           |   105 |     6 ||   111
    Use: Potion            |     1 |     1 ||     2
   Stab: Sleeping          |     4 |       ||     4
 Armour: Robe              |    39 |     1 ||    40
  Dodge: Dodged            |    46 |       ||    46

Table legend: (Time is in decaauts)
 A = Elapsed time spent in this place.
 B = Non-inter-level travel time spent in this place.
 C = Inter-level travel time spent in this place.
 D = Time resting spent in this place.
 E = Time spent auto-exploring this place.
 F = Levels seen in this place.
 G = Mean time per level.
                   A        B        C        D        E       F      G
               +--------+--------+--------+--------+--------+-----+--------+
         Total |   1226 |   1182 |     44 |      0 |    919 |   2 |  613.0 |
       Dungeon |   1226 |   1182 |     44 |      0 |    919 |   2 |  613.0 |
               +--------+--------+--------+--------+--------+-----+--------+

Top non-repeatable levels by time:
     D:1: 957 daAuts
     D:2: 269 daAuts
